 Dungeon Crawl Stone Soup version 0.31-a0-1071-gaead2f62b1 (webtiles) character file.

Game seed: 4422863691168211949

19453 octoduck the Severer (level 12, 0/101 HPs)
             Began as a Demonspawn Berserker on Nov 26, 2023.
             Was an Elder of Trog.
             Slain by a sixfirhy (12 damage)
             ... in a Gauntlet.
             The game lasted 00:49:53 (14075 turns).

octoduck the Severer (Demonspawn Berserker)        Turns: 14075, Time: 00:49:54

Health: 0/101      AC: 20    Str: 22    XL:     12   Next: 36%
Magic:  12/12      EV:  7    Int:  9    God:    Trog [****..]
Gold:   378        SH:  5    Dex: 13    Spells: 11/11 levels left

rFire   . . .        o - +5 battleaxe
rCold   . . .        (shield currently unavailable)
rNeg    + . .        F - +1 plate armour
rPois   +            z - +2 helmet
rElec   .            (no cloak)
rCorr   .            (no gloves)
SInv    .            (no boots)
Will    .....        d - amulet of reflection Stlth
                     M - ring of positive energy
HPRegen 0.36/turn    T - ring of poison resistance
MPRegen 0.13/turn

%: no teleportation, reflection
@: on berserk cooldown, slowed, very slow
A: rugged brown scales 3, ignite blood 2, powered by death 1, augmentation 1,
demonic touch 2
a: Renounce Religion, Berserk, Trog's Hand, Brothers in Arms


You were in a Gauntlet.
You worshipped Trog.
Trog was greatly pleased with you.
You visited 2 branches of the dungeon, and saw 12 of its levels.
You also visited: Ossuary and Gauntlet.

You collected 904 gold pieces.
You spent 526 gold pieces at shops.

Inventory:

Hand Weapons
 o - a +5 battleaxe (weapon)
 B - a +3 war axe of freezing
Missiles
 e - 11 datura-tipped darts
 l - 12 boomerangs
 s - 19 poisoned darts
 G - 2 atropa-tipped darts
 S - 2 throwing nets
Armour
 z - a +2 helmet (worn)
 F - a +1 plate armour (worn)
 P - a +0 kite shield
Jewellery
 d - an amulet of reflection (around neck)
 y - an amulet of guardian spirit
 A - an amulet of regeneration
 M - a ring of positive energy (left hand)
 Q - a ring of flight
 T - a ring of poison resistance (right hand)
Wands
 b - a wand of polymorph (3)
 D - a wand of acid (7)
Scrolls
 f - 8 scrolls of teleportation
 r - a scroll of fear {unknown}
 v - 3 scrolls of silence
 x - a scroll of enchant armour
 C - a scroll of revelation {unknown}
 I - 2 scrolls of fog
 J - a scroll of noise {unknown}
 K - a scroll of torment
 L - a scroll of immolation {unknown}
 N - a scroll of blinking
 R - a scroll of vulnerability
Potions
 c - 2 potions of brilliance {unknown}
 g - 4 potions of enlightenment
 h - 7 potions of curing
 i - 2 potions of haste
 k - 5 potions of heal wounds
 m - 5 potions of lignification
 n - 3 potions of attraction
 p - 4 potions of berserk rage
 q - 2 potions of resistance
 t - 2 potions of mutation
 u - 3 potions of might
 w - a potion of invisibility {unknown}
 H - a potion of ambrosia {unknown}
 O - a potion of magic {unknown}
Miscellaneous
 U - a sack of spiders (inert)


   Skills:
 - Level 9.3 Fighting
 * Level 16.1 Axes
 + Level 6.4 Armour
 - Level 1.7 Dodging


You had 11 spell levels left.
You didn't know any spells.
Your spell library was empty.

Dungeon Overview and Level Annotations

Branches:
Dungeon (11/15)            Temple (0/1) D:5            Lair (1/5) D:11
    Orc (0/2) D:10        Ossuary (visited)         Gauntlet (1/1)

Altars:
Ashenzari
Cheibriados
Dithmenos
Hepliaklqana
Uskayaw

Shops:
D:5 [*   D:7 *   D:10 *

Annotations:
D:11 3 runed translucent doors, sammy202020's ghost, journeyman MiFi Gauntlet 11 transporters


Innate Abilities, Weirdness & Mutations

You are completely covered in rugged brown scales. (AC +3, +7% HP)
Your demonic aura often causes spilled blood to erupt in flames.
You regenerate a little health from kills.
Your magical and physical power is slightly enhanced at high health.
Your touch may inflict irresistible damage on your foes.


Message History

Okay, then.
Your ogre goes berserk!
Trog will no longer gift you weapons.
The sixfirhy fails to trigger a net trap.
The sixfirhy is engulfed in blazing flames.
The sixfirhy hits you but does no damage.
The sixfirhy is engulfed in blazing flames.
The sixfirhy fails to trigger a net trap.
The sixfirhy hits you but does no damage.
Something hits your ogre but does no damage.
You block the sixfirhy's attack.
You swap places.
The sixfirhy hits you but does no damage.
The sixfirhy fails to trigger a net trap.
The sixfirhy hits your ogre! The sixfirhy shocks your ogre!
The sixfirhy hits your ogre! The sixfirhy shocks your ogre!
Your ogre dies!
Your ogre's corpse disappears in a puff of smoke!
The sixfirhy hits you but does no damage.
The sixfirhy hits you. The sixfirhy shocks you!
* * * LOW HITPOINT WARNING * * *
You block the sixfirhy's attack.
The sixfirhy hits you but does no damage.
You feel much better.
Aiming: Corrosive Bolt
Press: ? - help, Shift-Dir - straight line, f - sixfirhy
Aim: a sixfirhy (38% to hit)
The bolt of acid misses the sixfirhy.
The sixfirhy hits you but does no damage.
The sixfirhy hits you. The sixfirhy shocks you!
* * * LOW HITPOINT WARNING * * *
The sixfirhy hits you but does no damage.
The sixfirhy hits you.
* * * LOW HITPOINT WARNING * * *
The sixfirhy shocks you!
* * * LOW HITPOINT WARNING * * *
The sixfirhy hits you.
* * * LOW HITPOINT WARNING * * *
The sixfirhy shocks you!
You die...

#B#B#...#...#.....#...≈#
#####...#x*#...xx.#...##
©.#.....###########...≈#
..#........#.©.#......##
©.#....8...#.8.#...8.##
######.....#.©.#.....§#
©}[..#...#########...##
.#.#.#...#.?}©.3.#...≈#
#.#..#...#.#...#@#...##
.#.#.#...#.###^33#...≈#
©.#..#.8.#.#.©.#.#.8.##
.#.#.#...#..^###.#...≈#
#.#..#...#.#...#.#...##
.#.#.#...#3###...#...≈#
....2#...#########...##
######.......©.......§#
©......8.....8.....8.##


You could see a wretched star, 3 sixfirhies and 3 small abominations.

Vanquished Creatures
  Snorg (D:10)
  2 two-headed ogres
  Amaemon (Lair:1)
  Maurice (D:8)
  2 cyclopes
  An ugly thing (D:10)
  An orange demon (Lair:1)
  A gargoyle (D:11)
  A rime drake (D:11)
  A cane toad (Lair:1)
  2 komodo dragons
  2 unseen horror zombies (D:10)
  3 trolls
  A hornet (D:10)
  Sigmund (D:5)
  11 yaks
  3 wraiths
  6 shadows
  4 vampires
  5 steam dragons
  An acid dragon (D:10)
  2 water moccasins
  3 orc warriors
  7 ice beasts (D:11)
  2 sky beasts
  4 wolves (D:11)
  6 centaurs
  An ogre (D:5)
  3 kobold brigands
  2 phantoms
  2 gnoll sergeants
  3 bullfrogs
  3 scorpions
  3 wights (D:7)
  2 troll zombies (D:10)
  21 killer bees
  An electric eel (D:7)
  8 howler monkeys
  9 centaur zombies (D:10)
  2 hounds
  A gnoll bouda (D:10)
  2 jellies
  7 orc priests
  4 iguanas
  A sleepcap (D:5)
  9 orc wizards
  4 ogre zombies (D:10)
  8 mummies (Ossuary)
  A howler monkey zombie (D:10)
  14 gnolls
  6 adders
  2 white imps
  4 worms
  4 dart slugs (D:2)
  30 orcs
  5 bats
  8 endoplasms
  2 giant cockroaches (D:1)
  7 goblins
  5 hobgoblins
  9 jackals
  15 kobolds
  3 quokkas
  5 ball pythons
  5 frilled lizards
  3 gnoll skeletons (D:10)
  5 gnoll zombies
  5 hobgoblin zombies (Ossuary)
  A kobold zombie (Ossuary)
  3 orc skeletons (D:10)
  10 orc zombies (D:10)
  A quokka zombie (D:5)
  5 rats
  A rat zombie (D:5)
330 creatures vanquished.

Vanquished Creatures (collateral kills)
  2 kobolds (D:10)
2 creatures vanquished.

Vanquished Creatures (others)
  An orc wizard (D:4)
1 creature vanquished.

Grand Total: 333 creatures vanquished

Notes
Turn   | Place    | Note
-------+----------+-------------------------------------------
     0 | D:1      | octoduck the Demonspawn Berserker began the quest for the
                  | Orb.
     0 | D:1      | Reached XP level 1. HP: 18/18 MP: 1/1
    53 | D:1      | Found a faded altar of an unknown god.
    95 | D:1      | Reached skill level 3 in Axes
   147 | D:1      | Gained mutation: Your demonic aura sometimes causes spilled
                  | blood to erupt in flames. [demonic ancestry]
   147 | D:1      | Reached XP level 2. HP: 24/24 MP: 2/2
   481 | D:1      | You fall into a shaft and drop 1 floor!
   502 | D:2      | Reached ** piety under Trog
   507 | D:2      | Gained mutation: You are partially covered in rugged brown
                  | scales. (AC +1, +3% HP) [demonic ancestry]
   507 | D:2      | Reached XP level 3. HP: 14/29 MP: 3/3
   514 | D:2      | Reached skill level 4 in Axes
  1163 | D:2      | Gained mutation: Your touch may inflict minor irresistible
                  | damage on your foes. [demonic ancestry]
  1163 | D:2      | Reached XP level 4. HP: 36/36 MP: 4/4
  2222 | D:3      | Reached skill level 5 in Axes
  2555 | D:4      | Gained mutation: You are mostly covered in rugged brown
                  | scales. (AC +2, +5% HP) [demonic ancestry]
  2555 | D:4      | Reached XP level 5. HP: 36/43 MP: 5/5
  2848 | D:4      | Reached *** piety under Trog
  3260 | D:5      | Entered Level 5 of the Dungeon
  3267 | D:5      | Found a staircase to the Ecumenical Temple.
  3277 | D:5      | Found a sand-covered staircase.
  3290 | Ossuary  | Entered an ossuary
  3318 | Ossuary  | Reached skill level 6 in Axes
  3432 | Ossuary  | Gained mutation: Your touch may inflict irresistible damage
                  | on your foes. [demonic ancestry]
  3432 | Ossuary  | Reached XP level 6. HP: 47/49 MP: 6/6
  3896 | D:5      | Reached skill level 7 in Axes
  3966 | D:5      | Gained mutation: Your magical and physical power is
                  | slightly enhanced at high health. [demonic ancestry]
  3966 | D:5      | Reached XP level 7. HP: 48/54 MP: 7/7
  4261 | D:5      | Found Ylar's Antique Armour Shoppe.
  4267 | D:5      | Bought a glowing helmet for 165 gold pieces
  4273 | D:5      | Bought a chain mail for 99 gold pieces
  4372 | D:5      | Found Uczapti's General Store.
  4440 | D:5      | Noticed Sigmund
  4445 | D:5      | Killed Sigmund
  4446 | D:5      | Reached skill level 8 in Axes
  4713 | D:5      | Found a snail-covered altar of Cheibriados.
  4718 | D:5      | Found a broken altar of Ashenzari.
  4720 | D:5      | Found a hazy altar of Hepliaklqana.
  4723 | D:5      | Found a hide-covered altar of Uskayaw.
  4727 | D:5      | Found a shadowy altar of Dithmenos.
  4968 | D:6      | Reached XP level 8. HP: 60/60 MP: 8/8
  4972 | D:6      | Reached skill level 9 in Axes
  6204 | D:7      | Reached **** piety under Trog
  6486 | D:7      | Reached skill level 5 in Fighting
  6486 | D:7      | Reached skill level 10 in Axes
  6496 | D:7      | Gained mutation: You are completely covered in rugged brown
                  | scales. (AC +3, +7% HP) [demonic ancestry]
  6496 | D:7      | Reached XP level 9. HP: 61/72 MP: 9/9
  6798 | D:7      | Found Qefavuet's General Store.
  7698 | D:8      | Noticed Maurice
  7974 | D:8      | Reached skill level 11 in Axes
  8283 | D:8      | Something stole a +5 battleaxe
  8294 | D:8      | Killed Maurice
  8616 | D:8      | Reached skill level 12 in Axes
  8618 | D:8      | Reached XP level 10. HP: 57/84 MP: 10/10
  9217 | D:9      | Noticed a two-headed ogre
  9254 | D:9      | Killed a two-headed ogre
  9529 | D:9      | Reached skill level 13 in Axes
 10035 | D:10     | Entered Level 10 of the Dungeon
 10035 | D:10     | Noticed a two-headed ogre
 10080 | D:10     | Noticed a cyclops
 10080 | D:10     | Noticed a cyan ugly thing
 11119 | D:10     | Killed a two-headed ogre
 11120 | D:10     | Gained mutation: You regenerate a little health from kills.
                  | [demonic ancestry]
 11120 | D:10     | Reached XP level 11. HP: 95/95 MP: 11/11
 11239 | D:10     | Found Lausut's Assorted Antiques.
 11247 | D:10     | Bought a scroll of blinking for 262 gold pieces
 11280 | D:10     | Reached skill level 14 in Axes
 11324 | D:10     | Killed a cyan ugly thing
 11809 | D:10     | Found a staircase to the Orcish Mines.
 12093 | D:10     | Reached skill level 15 in Axes
 12326 | D:10     | Found a transporter.
 12437 | D:10     | Noticed Snorg
 12464 | D:10     | Killed Snorg
 12465 | D:10     | Reached skill level 5 in Armour
 12871 | D:11     | Gained mutation: Your demonic aura often causes spilled
                  | blood to erupt in flames. [demonic ancestry]
 12871 | D:11     | Reached XP level 12. HP: 98/101 MP: 12/12
 12946 | D:11     | Identified the +1 robe of Xuczom {rPois rC+ Will- SInv}
 13193 | D:11     | Found a runed translucent gate.
 13259 | D:11     | Found a runed translucent gate.
 13259 | D:11     | Found a runed translucent gate.
 13259 | D:11     | Noticed sammy202020's ghost (journeyman MiFi)
 13301 | D:11     | Reached ***** piety under Trog
 13376 | D:11     | Found a staircase to the Lair.
 13560 | D:11     | Found a faded altar of an unknown god.
 13715 | Lair:1   | Entered Level 1 of the Lair of Beasts
 13786 | Lair:1   | Noticed Amaemon
 13805 | Lair:1   | Killed Amaemon
 13806 | Lair:1   | Reached skill level 16 in Axes
 13840 | Lair:1   | Found a gate leading to a gauntlet.
 13846 | Gauntlet | Entered a Gauntlet
 13846 | Gauntlet | Found a transporter.
 13865 | Gauntlet | Noticed a blizzard demon
 13881 | Gauntlet | Found a transporter.
 13882 | Gauntlet | Found a transporter.
 13883 | Gauntlet | Found a transporter.
 13886 | Gauntlet | Found a transporter.
 13887 | Gauntlet | Found a transporter.
 13889 | Gauntlet | Noticed a death scarab
 13895 | Gauntlet | Found a transporter.
 13896 | Gauntlet | Found the dreamshard necklace {Acrobat *Dream}
 13896 | Gauntlet | Noticed a death scarab
 13898 | Gauntlet | Found a transporter.
 13911 | Gauntlet | Noticed a death yak
 13915 | Gauntlet | Found a transporter.
 13916 | Gauntlet | Noticed a death yak
 13916 | Gauntlet | Noticed a death yak
 13932 | Gauntlet | Found a transporter.
 13936 | Gauntlet | Found a transporter.
 13944 | Gauntlet | Found a transporter.
 14071 | Gauntlet | Identified the ring of the Intense Date {rPois rF- rC+
                  | rCorr Dex+5}
 14075 | Gauntlet | Slain by a sixfirhy

Illustrated notes

Levels and vault maps discovered:
D:1:      lemuel_arrival_hallway, layout_basic, basic_ecumenical_altar
D:2:      layout_rooms, serial_glass, glass_columns_b, glass_columns_a,
          minmay_close_crescents
D:3:      layout_basic
D:4:      layout_basic
D:5:      layout_basic, nicolae_overflow_hallway_of_the_gods,
          minmay_temple_entry_purple_smoke, enter_ossuary_4, serial_shops,
          nicolae_shop_tiny_glass, nicolae_shop_pleasant_corner_grove,
          uniq_sigmund
D:6:      layout_basic
D:7:      layout_basic, serial_shops, nicolae_shop_waterfront,
          serial_bayou_pond_b, lightli_minifort
D:8:      layout_gridville, patterned_corridor, uniq_maurice
D:9:      layout_basic
D:10:     layout_rooms, zombieorc1_lemuel, serial_shops,
          nicolae_shop_waterfront, serial_undead, serial_undead_d,
          serial_undead_a, serial_undead_d, serial_undead_c, serial_undead_e,
          serial_undead_b, nicolae_diode_basic, uniq_snorg
D:11:     layout_irregular_city, hellmonk_lair_entry_icy, serial_column_ruins,
          column_ruins_temple_circle, column_ruins_grid_1,
          column_ruins_corridor_straight, column_ruins_grid_1,
          column_ruins_corridor_straight, column_ruins_open_small,
          column_ruins_columns_straight, gammafunk_ghost_necromancy
Lair:1:   layout_layer_cave, gauntlet_entry_generic, minivault_11,
          chequers_serial_rivers_large_a, uniq_amaemon
Gauntlet: minmay_gauntlet_mixed_oops_all_seconds
          [minmay_gauntlet_arena_77_chump_sandwich,
          gammafunk_gauntlet_arena_grid, minmay_gauntlet_arena_77_broken_ladder,
          gammafunk_gauntlet_arena_split_diamond, minmay_gauntlet_arena_77_mess,
          nicolae_gauntlet_swirl, gauntlet_exit_watery]

Skill      XL: |  1  2  3  4  5  6  7  8  9 10 11 12 |
---------------+-------------------------------------+-----
Axes           | 3 4 5 6 7 8 10 12 13 15 16 | 16.1
Fighting       | 5 7 9 |  9.3
Armour         | 5 6 |  6.4
Dodging        | |  1.7

Action                     |  1- 3 |  4- 6 |  7- 9 | 10-12 || total
---------------------------+-------+-------+-------+-------++-------
  Melee: Hand axe          |   113 |   191 |   107 |       ||   411
         Touch             |       |    40 |    39 |    52 ||   131
         Punch             |       |     4 |     5 |     4 ||    13
         War axe           |       |       |    98 |   290 ||   388
         Battleaxe         |       |       |       |    91 ||    91
  Throw: Dart              |       |     2 |       |     1 ||     3
 Invoke: Berserk           |     2 |     1 |     4 |     7 ||    14
         Trog's Hand       |       |     1 |     2 |     6 ||     9
         Brothers in Arms  |       |       |       |     3 ||     3
  Evoke: Wand              |       |       |     3 |    11 ||    14
         Sack of spiders   |       |       |       |     1 ||     1
    Use: Scroll            |       |    11 |     7 |     5 ||    23
         Potion            |       |       |     2 |     2 ||     4
   Stab: Distracted        |       |       |       |     1 ||     1
 Armour: Animal skin       |    17 |       |       |       ||    17
         Ring mail         |    53 |    81 |     1 |       ||   135
         Chain mail        |       |       |   118 |       ||   118
         Plate armour      |       |       |    11 |   400 ||   411
         Skin              |       |       |    10 |       ||    10
  Dodge: Dodged            |    83 |    80 |    60 |   108 ||   331
  Block: Other             |       |    39 |    42 |    70 ||   151
         Reflection        |       |     1 |     1 |     4 ||     6

Table legend: (Time is in decaauts)
 A = Elapsed time spent in this place.
 B = Non-inter-level travel time spent in this place.
 C = Inter-level travel time spent in this place.
 D = Time resting spent in this place.
 E = Time spent auto-exploring this place.
 F = Levels seen in this place.
 G = Mean time per level.
                   A        B        C        D        E       F      G
               +--------+--------+--------+--------+--------+-----+--------+
         Total |  14135 |  12670 |   1465 |   2839 |   6269 |  14 | 1009.6 |
       Dungeon |  13427 |  11962 |   1465 |   2684 |   6066 |  11 | 1220.6 |
          Lair |    129 |    129 |      0 |      0 |      0 |   1 |  129.0 |
       Ossuary |    348 |    348 |      0 |    155 |     30 |   1 |  348.0 |
      Gauntlet |    230 |    230 |      0 |      0 |    173 |   1 |  230.0 |
               +--------+--------+--------+--------+--------+-----+--------+

Top non-repeatable levels by time:
     D:7: 2534 daAuts
     D:9: 1486 daAuts
    D:10: 1462 daAuts
     D:8: 1344 daAuts
     D:5: 1266 daAuts
     D:6: 1083 daAuts
     D:1: 992 daAuts
    D:11: 863 daAuts
     D:3: 846 daAuts
     D:4: 804 daAuts
     D:2: 742 daAuts
 Ossuary: 348 daAuts
Gauntlet: 230 daAuts
  Lair:1: 129 daAuts
